 Dungeon Crawl Stone Soup version 0.21.1-1-g345015fe64 (webtiles) character file.

207 Pieper the Cutter (level 6, -2/48 HPs)
             Began as a Human Berserker on June 28, 2018.
             Was a Believer of Trog.
             Slain by Grinder (5 damage)
             ... on level 3 of the Dungeon.
             The game lasted 00:33:31 (2537 turns).

Pieper the Cutter (Human Berserker)                 Turns: 2537, Time: 00:33:31

Health: -2/48      AC:  7    Str: 18    XL:     6   Next: 11%
Magic:  2/2        EV: 11    Int:  7    God:    Trog [**....]
Gold:   70         SH:  0    Dex: 14    Spells: 5/5 levels left

rFire    . . .     SeeInvis .   f - +1 hand axe (antimagic)
rCold    . . .     Gourm    .   (no shield)
rNeg     . . .     Faith    .   h - +1 scale mail (curse)
rPois    .         Spirit   .   (no helmet)
rElec    .         Reflect  .   (no cloak)
rCorr    .         Harm     .   (no gloves)
MR       .....                  (no boots)
Stlth    +.........             (no amulet)
HPRegen  0.16/turn              v - ring of stealth
MPRegen  0.08/turn              (no ring)

@: no status effects
A: no striking features
a: Berserk, Trog's Hand, Burn Spellbooks, Renounce Religion


You were on level 3 of the Dungeon.
You worshipped Trog.
Trog was pleased with you.
You were not hungry.

You visited 1 branch of the dungeon, and saw 3 of its levels.

You collected 70 gold pieces.

Inventory:

Hand Weapons
 a - a +1 short sword
 d - a +0 club
 f - a +1 antimagic hand axe (weapon)
 g - a +0 club
 i - a +0 dagger
 k - a +0 club
 l - a +0 short sword
 m - a +0 dagger
 n - a +0 dagger
 o - a +4 dagger of draining
 p - a +0 club
 q - a +0 club
 r - a +0 rapier
 t - a +0 hunting sling
 u - a +0 spear
 w - a +0 whip
 z - a +0 club
 B - a +0 dagger
 C - a +0 flail
Missiles
 e - 51 stones (quivered)
 j - 59 bolts
Armour
 b - a +0 animal skin
 h - a cursed +1 scale mail (worn)
 x - a +0 ring mail
 D - a +0 leather armour
 E - a +0 ring mail
Jewellery
 v - a ring of stealth (left hand)
Wands
 s - a wand of flame (20)
Scrolls
 A - a scroll of blinking {unknown}
Comestibles
 c - 3 rations


   Skills:
 + Level 4.1 Fighting
 + Level 4.4 Short Blades
 + Level 1.2 Throwing
 + Level 3.1 Armour
 + Level 2.6 Dodging
 + Level 0.2 Stealth


You had 5 spell levels left.
You didn't know any spells.

Dungeon Overview and Level Annotations

Branches:
Dungeon (3/15)

Altars:
Hepliaklqana
Ru
Xom
Yredelemnul

Annotations:
D:3 Grinder


Message History

Grinder gestures at you.
You suddenly lose the ability to move!
You feel sick.
You are no longer poisoned.
Grinder hits you.
* * * LOW HITPOINT WARNING * * *
Grinder hits you but does no damage.
You can move again.
You hit Grinder.
Grinder's magic leaks into the air.
Grinder is heavily wounded.
Grinder hits you but does no damage.
You closely miss Grinder.
Grinder is heavily wounded.
You hit the goblin.
You kill the goblin!
Trog accepts your kill. Grinder hits you.
* * * LOW HITPOINT WARNING * * *
You writhe in agony.
You die...

#.# #.# #.#
#....... #.#
#..###'####
#........ #.#
##.#......#
#........ #.#
.#......#
#######.## ...
.#......########
#..............
#..............
#.#...(..........
#.......(@)...(..
##.##+###5.%.....
#. #........ #.
#....(..#
#......(#
#.......#
#.......#
..$.(....


You could see Grinder.

Vanquished Creatures
  A phantom (D:3)
  An orc priest (D:3)
  2 adders
  2 worms (D:3)
  8 dart slugs
  A leopard gecko (D:2)
  4 orcs (D:3)
  A bat (D:2)
  2 giant cockroaches (D:2)
  3 goblins
  5 hobgoblins
  9 kobolds
  A quokka (D:3)
  4 frilled lizards
  6 rats
  A plant (D:1)
51 creatures vanquished.

Notes
Turn   | Place    | Note
-------+----------+-------------------------------------------
     0 | D:1      | Pieper the Human Berserker began the quest for the Orb.
     0 | D:1      | Reached XP level 1. HP: 18/18 MP: 1/1
   291 | D:1      | Reached XP level 2. HP: 15/24 MP: 2/2
   609 | D:1      | Reached XP level 3. HP: 28/29 MP: 3/3
   918 | D:1      | Reached ** piety under Trog
  1095 | D:2      | Found a basalt altar of Yredelemnul.
  1139 | D:2      | Noticed a phantom
  1236 | D:2      | Reached XP level 4. HP: 32/35 MP: 4/4
  1451 | D:2      | Found a sacrificial altar of Ru.
  1557 | D:2      | Found a hazy altar of Hepliaklqana.
  1664 | D:2      | Found a shimmering altar of Xom.
  2042 | D:3      | Killed a phantom
  2042 | D:3      | Reached XP level 5. HP: 38/42 MP: 5/5
  2233 | D:3      | Reached skill level 1 in Throwing
  2233 | D:3      | Reached XP level 6. HP: 18/48 MP: 6/6
  2511 | D:3      | Noticed Grinder
  2514 | D:3      | Paralysed by Grinder for 6 turns
  2533 | D:3      | Paralysed by Grinder for 3 turns
  2537 | D:3      | Slain by Grinder

Skill      XL: |  1  2  3  4  5 |
---------------+----------------+-----
Fighting       | 4 |  4.1
Short Blades   | 4 |  4.4
Armour         | 3 |  3.1
Throwing       | 1 |  1.2
Dodging        | |  2.6
Stealth        | |  0.2

Action                   |  1- 3 |  4- 6 || total
-------------------------+-------+-------++-------
Melee: Short sword       |   179 |    25 ||   204
       Dagger            |       |    59 ||    59
       Hand axe          |       |    12 ||    12
Throw: Stone             |       |    34 ||    34
       Tomahawk          |       |    10 ||    10
Invok: Trog's Hand       |     1 |     1 ||     2
       Berserk           |       |     1 ||     1
  Use: Scroll            |     4 |     2 ||     6
       Potion            |     2 |     1 ||     3
  Eat: Chunk             |     1 |     5 ||     6
       Ration            |       |     1 ||     1
Armor: Animal skin       |     1 |       ||     1
       Scale mail        |    24 |    33 ||    57
Dodge: Dodged            |    46 |    46 ||    92
